 Dungeon Crawl Stone Soup version 0.31.0-1-g2c135a0 (webtiles) character file.

Game seed: 5308258758245845301

576065 Think the Acrobat (level 27, -7/144 HPs)
             Began as an Octopode Fighter on Feb 26, 2024.
             Was an Initiate of Gozag.
             Killed from afar by a rakshasa (19 damage)
             ... with a lance of force
             ... while paralysed by accursed screaming
             ... on level 5 of the Abyss on Feb 27, 2024.
             The game lasted 04:45:01 (75414 turns).

Think the Acrobat (Octopode Fighter)               Turns: 75414, Time: 04:45:01

Health: -7/144     AC: 10    Str: 15 (18) XL:     27
Magic:  28/29      EV:  2    Int: 19 (20) God:    Gozag
Gold:   238        SH:  0    Dex: 21 (23) Spells: 11/34 levels left

rFire   + + .        G - +2 Maxwell's thermic engine {flame, freeze, rev}
rCold   + + .        Q - +2 kite shield {AC+3}
rNeg    + + +        P - +2 hat of the Bells {rPois rC+ Str+2}
rPois   ∞            K - amulet of regeneration
rElec   +            g - ring "Jopuic" {Fire rN++ SInv Stlth+}
rCorr   +            a - ring "Xelyod" {+Blink Fly rElec rN+ Str-3}
SInv    +            p - +4 ring of slaying
Will    +++++        w - ring of Ryuq {rF+ Will++ Stlth+}
Stlth   +++++++      L - ring of protection from cold
HPRegen 1.24/turn    b - ring of Stoicism {Wiz Will+ Int+6}
MPRegen 0.21/turn    X - ring of Xapruorghy {EV+5 Str+3 Int+2 Stlth-}
                     l - ring "Nyfank" {rElec rCorr AC+4 Stlth+}

%: wizardry (x1)
@: paralysed, death-form, gold aura, flying, studying 3 skills
A: vile attack, torment immunity, no potions, reduced hp, almost no armour,
amphibious, 8 rings, camouflage 1, gelatinous body 1, (nimble swimmer 1),
tentacles, tentacle spike 1, poison resistance, (teleportitis 1)
}: 3/15 runes: barnacled, silver, gossamer
a: Siphon Essence, Begin Untransformation, Renounce Religion, Evoke Blink,
Potion Petition, Call Merchant, Bribe Branch


You were on level 5 of the Abyss.
You worshipped Gozag.
Gozag was aware of your devotion.
You were an undying horror.
You visited 10 branches of the dungeon, and saw 48 of its levels.
You visited the Abyss 2 times.
You also visited: Trove.

You collected 26682 gold pieces.
You spent 5184 gold pieces at shops.
You paid 21260 gold pieces to Gozag.

Inventory:

Hand Weapons
 n - a +5 scimitar of holy wrath
 v - the +3 Elemental Staff {ele, rElec rF+ rC+ AC+3}
   (You took it off an ironbound preserver on level 3 of the Vaults)

   AC+3:      It affects your AC (+3).
   rF+:       It protects you from fire.
   rC+:       It protects you from cold.
   rElec:     It insulates you from electricity.
 G - the +2 Maxwell's thermic engine (weapon) {flame, freeze, rev}
   (You took it off a deep elf annihilator on level 3 of the Elven Halls)
Missiles
 B - 9 silver javelins
Armour
 o - a +2 buckler of fire resistance
 P - the +2 hat of the Bells (worn) {rPois rC+ Str+2}
   (You acquired it on level 4 of the Vaults)

   Str+2:     It affects your strength (+2).
   rC+:       It protects you from cold.
   rPois:     It protects you from poison
 Q - a +2 kite shield of protection (worn)
Jewellery
 a - the ring "Xelyod" (right tentacle) {+Blink Fly rElec rN+ Str-3}
   (You took it off a deep elf death mage on level 3 of the Elven Halls)

   [ring of flight]

   Str-3:     It affects your strength (-3).
   rElec:     It insulates you from electricity.
   rN+:       It protects you from negative energy.
   Fly:       It grants you flight.
   +Blink:    It lets you blink.
 b - the ring of Stoicism (on tentacle) {Wiz Will+ Int+6}
   (You found it on level 5 of the Lair of Beasts)

   [ring of wizardry]

   Wiz:       It improves your spell success rate.
   Int+6:     It affects your intelligence (+6).
   Will+:     It increases your willpower.
 g - the ring "Jopuic" (left tentacle) {Fire rN++ SInv Stlth+}
   (You bought it in a shop on level 14 of the Dungeon)

   [ring of fire]

   Fire:      It enhances your fire magic.
   rF+:       It protects you from fire.
   rC-:       It makes you vulnerable to cold.
   rN++:      It greatly protects you from negative energy.
   SInv:      It lets you see invisible.
   Stlth+:    It makes you more stealthy.
 l - the ring "Nyfank" (on tentacle) {rElec rCorr AC+4 Stlth+}
   (You acquired it on level 3 of the Spider Nest)

   [ring of protection]

   AC+4:      It affects your AC (+4).
   rElec:     It insulates you from electricity.
   rCorr:     It protects you from acid and corrosion.
   Stlth+:    It makes you more stealthy.
 p - a +4 ring of slaying (on tentacle)
 w - the ring of Ryuq (on tentacle) {rF+ Will++ Stlth+}
   (You took it off a meliai on level 3 of the Spider Nest)

   [ring of protection from fire]

   rF+:       It protects you from fire.
   Will++:    It greatly increases your willpower.
   Stlth+:    It makes you more stealthy.
 E - a ring of magical power
 K - an amulet of regeneration (around mantle)
 L - a ring of protection from cold (on tentacle)
 X - the ring of Xapruorghy (on tentacle) {EV+5 Str+3 Int+2 Stlth-}
   (You found it on level 3 of the Spider Nest)

   [ring of evasion]

   EV+5:      It affects your evasion (+5).
   Str+3:     It affects your strength (+3).
   Int+2:     It affects your intelligence (+2).
   Stlth-:    It makes you less stealthy.
Talismans
 e - a talisman of death (active)
 O - a granite talisman
Wands
 f - a wand of paralysis (19)
 q - a wand of digging (17)
 y - a wand of roots (40)
 V - a wand of acid (15)
Scrolls
 i - a scroll of fear
 m - a scroll of teleportation
 r - 3 scrolls of revelation
 x - 8 scrolls of enchant armour
 z - 10 scrolls of amnesia
 D - a scroll of poison
 H - 5 scrolls of blinking
 I - 3 scrolls of silence
 J - a scroll of torment
 M - 6 scrolls of fog
 N - 5 scrolls of enchant weapon
 Y - 2 scrolls of brand weapon
Potions
 c - a potion of cancellation
 h - 21 potions of curing
 k - 3 potions of magic
 t - 4 potions of haste
 u - 6 potions of ambrosia
 A - 9 potions of heal wounds
 C - 6 potions of brilliance
 F - a potion of invisibility
 R - 3 potions of lignification
 S - 4 potions of might
 U - a potion of resistance
Miscellaneous
 d - a condenser vane (inert)
 j - a phial of floods
 s - a lightning rod (inert)
 T - a phantom mirror (inert)
 W - a box of beasts (inert)


   Skills:
 + Level 23.1 Fighting
 - Level 14.0 Long Blades
 - Level 12.0 Staves
 - Level 4.0 Throwing
 + Level 23.9 Dodging
 - Level 6.0 Stealth
 - Level 12.0 Shields
 - Level 4.0 Spellcasting
 - Level 6.0 Translocations
 * Level 16.7 Fire Magic
 - Level 3.0 Air Magic
 - Level 5.0 Earth Magic
 - Level 11.0 Evocations
 * Level 19.8 Shapeshifting


You had 11 spell levels left.
You knew the following spells:

 Your Spells              Type           Power      Damage    Failure   Level
a - Borgnjor's Vile Clut  Necr/Erth      6%         N/A       69%         5
b - Blink                 Tloc           52%        N/A       1%          2
c - Swiftness             Air            15%        N/A       10%         3
d - Manifold Assault      Tloc           26%        N/A       10%         4
e - Flame Wave            Conj/Fire      52%        2d13      3%          4
f - Stone Arrow           Conj/Erth      26%        3d8       12%         3
z - Lesser Beckoning      Tloc           52%        N/A       1%          2

Your spell library contained the following spells:

 Spells                   Type           Power      Damage    Failure   Level
 Sandblast                Erth           44%        2d11      1%          1
 Scorch                   Fire           100%       2d9       1%          2
 Inner Flame              Hex/Fire       52%        N/A       1%          3
 Volatile Blastmotes      Fire/Tloc      100%       2d18      1%          3
 Gell's Gravitas          Tloc           26%        N/A       2%          3
 Ignite Poison            Fire/Alch      52%        N/A       3%          4
 Sticky Flame             Fire/Alch      52%        2d9       3%          4
 Summon Blazeheart Golem  Fire/Summ      52%        N/A       3%          4
 Momentum Strike          Conj/Tloc      30%        3d8       4%          2
 Passwall                 Erth           22%        N/A       4%          3
 Shock                    Conj/Air       36%        1d5       6%          1
 Mercury Vapours          Alch/Air       18%        N/A       9%          2
 Static Discharge         Conj/Air       18%        3-4/arc   9%          2
 Fireball                 Conj/Fire      26%        3d12      11%         5
 Freeze                   Ice            12%        1d3       12%         1
 Magic Dart               Conj           12%        1d3       12%         1
 Necrotise                Necr           12%        1d4       12%         1
 Slow                     Hex            12%        N/A       12%         1
 Sting                    Conj/Alch      12%        1d3       12%         1
 Cigotuvi's Dreadful Rot  Necr/Alch/Air  14%        N/A       12%         2
 Ensorcelled Hibernation  Hex/Ice        6%         N/A       16%         2
 Jinxbite                 Hex            6%         N/A       16%         2
 Vhi's Electric Charge    Tloc/Air       40%        N/A       17%         4
 Mephitic Cloud           Conj/Alch/Air  7%         N/A       22%         3
 Plasma Beam              Fire/Air       29%        2x1d41    28%         6
 Confusing Touch          Hex            3%         N/A       32%         3
 Dazzling Flash           Conj/Hex       6%         N/A       32%         3
 Frozen Ramparts          Ice            6%         1d1       32%         3
 Fugue of the Fallen      Necr           3%         N/A       32%         3
 Ozocubu's Armour         Ice            3%         N/A       32%         3
 Sigil of Binding         Hex            3%         N/A       32%         3
 Summon Ice Beast         Ice/Summ       3%         N/A       32%         3
 Vampiric Draining        Necr           3%         2d6       32%         3
 Airstrike                Air            7%         2d(2-18)  32%         4
 Iskenderun's Mystic Bla  Conj/Tloc      15%        2d5       32%         4
 Brom's Barrelling Bould  Conj/Erth      13%        2d4       36%         4
 Leda's Liquefaction      Alch/Erth      6%         N/A       36%         4
 Petrify                  Alch/Erth      13%        N/A       36%         4
 Starburst                Conj/Fire      26%        6d8       45%         6
 Summon Lightning Spire   Summ/Air       9%         N/A       50%         4
 Ignition                 Fire           39%        3d12      56%         8
 Summon Forest            Summ/Tloc      7%         N/A       63%         5
 Anguish                  Hex/Necr       1%         N/A       69%         4
 Cause Fear               Hex            1%         N/A       69%         4
 Fulminant Prism          Conj/Alch      1%         3d5       69%         4
 Martyr's Knell           Necr/Summ      3%         N/A       69%         4
 Olgreb's Toxic Radiance  Alch           3%         N/A       69%         4
 Arcjolt                  Conj/Air       4%         1d14      82%         5
 Silence                  Hex/Air        4%         N/A       82%         5
 Freezing Cloud           Conj/Ice/Air   3%         6-21      87%         5
 Alistair's Intoxication  Alch           2%         N/A       95%         5
 Curse of Agony           Necr           3%         N/A       95%         5
 Iskenderun's Battlesphe  Conj           3%         2d6       95%         5
 Summon Mana Viper        Hex/Summ       3%         N/A       95%         5
 Yara's Violent Unravell  Hex/Alch       1%         3d3       95%         5
 Bombard                  Conj/Erth      6%         9d2       99%         6
 Conjure Ball Lightning   Conj/Air       4%         3x3d6     100%        6
 Death Channel            Necr           1%         N/A       100%        6
 Eringya's Noxious Bog    Alch           1%         4d6       100%        6
 Sculpt Simulacrum        Ice/Alch       1%         N/A       100%        6
 Summon Cactus Giant      Summ           1%         N/A       100%        6
 Haunt                    Necr/Summ      1%         N/A       100%        7
 Malign Gateway           Summ/Tloc      7%         N/A       100%        7
 Orb of Destruction       Conj           1%         9d5       100%        7
 Ozocubu's Refrigeration  Ice            1%         4d7       100%        7
 Spellforged Servitor     Conj/Summ      1%         N/A       100%        7
 Borgnjor's Revivificati  Necr           1%         N/A       100%        8
 Discord                  Hex            1%         N/A       100%        8
 Disjunction              Tloc           13%        N/A       100%        8
 Maxwell's Capacitive Co  Air            7%         ∞         100%        8
 Chain Lightning          Conj/Air       4%         3d6       100%        9
 Death's Door             Necr           1%         N/A       100%        9
 Dragon's Call            Summ           1%         N/A       100%        9
 Fire Storm               Conj/Fire      26%        8d7       100%        9
 Polar Vortex             Ice            1%         N/A       100%        9
 Shatter                  Erth           11%        3d12*     100%        9


Dungeon Overview and Level Annotations

Branches:
Dungeon (15/15)            Temple (1/1) D:7            Lair (5/5) D:9
 Shoals (4/4) Lair:2       Spider (4/4) Lair:2        Slime (5/5) Lair:4
    Orc (2/2) D:12            Elf (3/3) Orc:2        Vaults (5/5) D:13
  Crypt (0/3) Vaults:2     Depths (4/4) D:15            Zot (0/5) Depths:4

Altars:
Ashenzari
Cheibriados
Dithmenos
Elyvilon
Fedhas
Gozag
Hepliaklqana
Kikubaaqudgha
Makhleb
Nemelex Xobeh
Okawaru
Qazlal
Ru
Sif Muna
Trog
Uskayaw
Vehumet
Wu Jian
Xom
Yredelemnul
Zin
The Shining One
Jiyva

Shops:
D:11 (   D:14 =:   D:15 :   Orc:2 **:[   Elf:1 ?   Elf:3 !!=:*!!?=   Vaults:2 ?

Portals:
Hell: Depths:1 Depths:2 Depths:3 Depths:4
Abyss: Depths:1 Depths:3
Pandemonium: Depths:2
Ziggurat: Depths:4

Annotations:
D:3 2 transporters, exclusion: door, kaikaun's ghost, amateur KoBr
D:5 1 runed translucent door, kaikaun's ghost, novice KoBr
D:6 thelochok's ghost, novice TrFi
D:11 3 runed translucent doors, Pepper's ghost, journeyman DsIE
D:12 Frances
Lair:3 exclusion: oklob plant
Shoals:3 2 transporters, exclusion: orange crystal statue
Spider:3 3 runed translucent doors, realgeorgebush46's ghost, adept DsMo
Elf:1 2 transporters, Utumev's ghost, adept SpAl
Depths:4 3 runed translucent doors, Himmaryad's ghost, adept TrMo


Innate Abilities, Weirdness & Mutations

You are an undying horror.
Your melee and unarmed attacks drain, slow and weaken victims.
You are immune to unholy pain and torment.
You cannot drink.
Your maximum health is decreased, since you lack skill for your form.
You cannot wear most types of armour.
You are amphibious.
You can wear up to eight rings at the same time.
Your skin changes colour to match your surroundings (Stealth+).
Your rubbery body absorbs attacks. (AC +1, EV +1)
((You are camouflaged when in or above water. (Stealth+)))
You have tentacles for arms and can constrict up to eight enemies at once.
One of your tentacles bears a spike.
Your system is resistant to poisons. (rPois)
((You are occasionally teleported next to monsters.))


Message History

A starcursed mass splits.
The starcursed mass shudders and is absorbed by its neighbour.
The tentacled starspawn is distracted by your dazzling golden aura.
The mad acolyte of Lugonu is distracted by your dazzling golden aura.
The mad acolyte of Lugonu is engulfed in blazing flames.
The blink frog hits you but does no damage.
The starcursed mass is distracted by your dazzling golden aura.
You feel your intelligence returning.
The mad acolyte of Lugonu is no longer distracted by gold.
The starcursed mass is no longer distracted by gold.
The mad acolyte of Lugonu is no longer distracted by gold.
The thrashing horror is distracted by your dazzling golden aura.
The blink frog completely misses you.
The starcursed mass is engulfed in blazing flames.
The starcursed mass shudders and is absorbed by its neighbour.
The mad acolyte of Lugonu is engulfed in blazing flames.
You kill the mad acolyte of Lugonu!
A cacophony of accursed wailing tears at your sanity!
* * * LOW HITPOINT WARNING * * *
You shrug off the repeated paralysis!
Your juvenile stingfire beast stings the blink frog from afar!
The blink frog looks as sick as possible!
Your juvenile stingfire beast poisons the blink frog!
The blink frog hits you!
* * * LOW HITPOINT WARNING * * *
The starcursed mass is engulfed in freezing vapours.
The starcursed mass touches your juvenile stingfire beast.
The starcursed mass shudders and is absorbed by its neighbour.
The thrashing horror roars!
The thrashing horror is no longer distracted by gold.
The thrashing horror tramples your juvenile stingfire beast.
Your juvenile stingfire beast holds its ground!
The thrashing horror barely misses your juvenile stingfire beast.
The starcursed mass touches you but does no damage.
Your juvenile stingfire beast stings the blink frog from afar.
The blink frog dies!
The rakshasa gestures at you. The lance of force hits you!!
You die...
Your body crumbles into a pile of gold.

.♣⌠ ##
.'########## p#
#..#≈##§#≈#≈#
...§..§§§.+##
##§#≈≈$X.#X#.##
. ..♣
#§R≈$zXXX§X##φ#
. ..
##.#§≈H§X#.#.##.
.## ♣.
♣#.XXX.§§.§.X##
♣
♣.⌠#..#§##≈#§#≈#
##X ♣'##########
.##. . ♣ ♣ ..
...#..####X♣
♣~~~~.~X≈♣~≈ ~
~♣♣ ♣ ♣~~~≈~.≈≈≈


≈XX ≈~~♣. . ♣..~~~≈≈~~~~≈~~ ≈ ~ .♣#. ♣ You could see 9 starcursed masses, a
tentacled starspawn, a rakshasa, a thrashing horror, a mad acolyte of Lugonu and
a friendly juvenile stingfire beast (summoned).

Vanquished Creatures
  2 dread liches
  An ancient lich (Vaults:3)
  Mara (Depths:3)
  Sojobo (Vaults:2)
  Boris (twice) (Depths:4 Vaults:4)
  Parghit (Depths:4)
  Bai Suzhen (Shoals:3)
  7 golden dragons
  2 caustic shrikes (Depths:2)
  Arachne (Spider:4)
  3 bone dragons
  3 hellephants
  9 tentacled monstrosities
  3 walking divine tomes (Depths:4)
  A walking earthen tome (Depths:2)
  A deep elf blademaster (Elf:3)
  10 liches
  6 sphinxes
  5 titans
  A walking frostbound tome (Depths:3)
  10 acid blobs
  2 quicksilver dragons
  A deep elf master archer (Elf:3)
  16 tentacled starspawn
  7 shadow dragons
  6 storm dragons
  4 azure jellies
  4 rockslimes
  3 draconian knights
  A daeva (Abyss:1)
  5 fire giants
  6 iron dragons
  8 tengu reavers
  A draconian monk (Depths:2)
  A balrug (Abyss:2)
  18 vault wardens
  5 emperor scorpions
  5 frost giants
  A draconian scorcher (Abyss:2)
  5 deep elf sorcerers
  10 deep elf elementalists
  A draconian annihilator (Depths:4)
  2 orc warlords
  A ghost moth (Spider:2)
  A spriggan defender (Depths:2)
  2 juggernaut zombies
  12 quicksilver oozes
  2 cacodemons (Abyss:2)
  24 very ugly things
  18 ironbound preservers
  The ghost of IAmTheZeppo the Fighter, a journeyman DjCj of Cheibriados (Lair:4)
  5 broodmothers (Spider:4)
  A starflower (Abyss:3)
  9 stone giants
  13 formless jellyfish
  3 vampire knights
  A green draconian (Depths:4)
  8 ironbound thunderhulks
  7 deep elf demonologists
  8 deep elf death magi
  2 red draconians
  2 black draconians
  11 dire elephants
  9 deep elf annihilators
  2 yellow draconians (Depths:4)
  2 war gargoyles
  Nessos (D:15)
  A purple draconian (Abyss:1)
  2 green deaths
  Snorg (D:13)
  8 ettins
  3 crystal guardians
  3 blizzard demons
  10 merfolk impalers
  13 spark wasps
  2 merfolk javelineers
  13 fire dragons
  10 deep elf high priests
  20 yaktaur captains
  3 jiangshi
  19 great orbs of eyes
  8 entropy weavers
  6 ice dragons
  Harold (Lair:1)
  4 rakshasas
  34 vault guards
  4 hydras
  6 peacekeepers
  4 radroaches
  2 merfolk avatars
  An ice dragon (shapeshifter) (Vaults:5)
  11 ironbound frosthearts
  3 spriggan air magi
  A catoblepas (Lair:5)
  11 centaur warriors
  4 ogre magi
  10 boulder beetles
  2 two-headed ogres (shapeshifter)
  4 jorogumos
  5 merfolk aquamancers
  A death knight (D:13)
  2 alligator snapping turtles
  16 dancing weapons
  3 deep troll shamans
  A naga warrior (Abyss:2)
  8 occultists
  4 satyrs
  16 two-headed ogres
  7 hell hogs
  7 vampire magi
  11 death yaks
  10 demonic crawlers
  15 tengu warriors
  6 deep troll earth magi
  6 orc high priests
  A shock serpent (shapeshifter) (Depths:2)
  3 spriggan berserkers
  7 thrashing horrors
  6 sun demons
  7 deep elf knights
  9 hell knights
  2 shadow wraiths
  19 wretched stars
  4 skysharks
  A soul eater (Depths:3)
  3 sixfirhies
  2 salamander mystics (Depths:3)
  13 sea snakes
  A deep troll (shapeshifter) (Depths:4)
  4 iron trolls (Depths:4)
  6 pharaoh ants
  A glowing orange brain (shapeshifter) (Depths:2)
  5 flayed ghosts
  36 deep trolls
  9 glowing orange brains
  5 arcanists
  26 ironbound convokers
  A shadow demon (Abyss:2)
  2 spriggan druids (Elf:1)
  9 orb spiders
  A kraken simulacrum (Shoals:4)
  6 sun moths
  9 deep elf archers
  8 necromancers
  10 harpies
  2 phantasmal warriors (Vaults:5)
  12 lindwurms
  14 deep elf zephyrmancers
  9 steelbarb worms
  22 deep elf pyromancers
  10 shining eyes
  7 orc knights
  13 fauns
  3 orb spiders (shapeshifter)
  A fire giant zombie (Depths:1)
  5 cyclopes
  An oklob plant (Abyss:3)
  A cyclops (shapeshifter) (Vaults:2)
  57 ugly things
  A frost giant zombie (Depths:1)
  9 orc sorcerers
  13 wolf spiders
  An alligator skeleton (Abyss:2)
  A moth of wrath (shapeshifter) (Vaults:5)
  4 worldbinders
  15 manticores
  8 salamanders
  3 moths of wrath
  15 meliai
  4 elephants
  22 large abominations
  A rust devil (Abyss:1)
  A black mamba (shapeshifter) (D:15)
  2 black mambas
  13 merfolk sirens
  Maurice (D:11)
  5 apocalypse crabs
  108 slime creatures
  7 kobold blastminers
  An iron dragon skeleton (Abyss:1)
  26 vault sentinels
  2 torpor snails (Spider:1)
  4 smoke demons
  An eye of devastation (shapeshifter) (Elf:3)
  A guardian serpent (Abyss:2)
  58 starcursed masses
  5 water nymphs
  10 cane toads
  An eye of devastation (Slime:4)
  A cane toad (shapeshifter) (D:14)
  3 unseen horrors
  2 spriggan zombies
  A rime drake (Lair:5)
  A hellion (Depths:3)
  17 yaktaurs
  An efreet (D:13)
  4 orange demons
  6 ancient zymes
  An ice devil (Abyss:1)
  2 freezing wraiths
  Maggie (D:8)
  8 tengu conjurers
  A merfolk (shapeshifter) (Vaults:5)
  2 anaconda simulacra (Abyss:2)
  7 komodo dragons
  A queen bee (shapeshifter) (Elf:1)
  Psyche (D:12)
  A hornet (shapeshifter) (Elf:1)
  3 hellwings (Abyss:1)
  5 polar bears
  5 trolls
  A queen bee (Spider:3)
  27 merfolk
  7 wind drakes
  A hornet (D:9)
  25 raiju
  19 tarantellas
  11 dream sheep
  21 blink frogs
  A dream sheep (shapeshifter) (Depths:4)
  12 snapping turtles
  4 glass eyes
  32 jumping spiders
  3 air elementals
  30 culicivoras
  31 water elementals
  2 shadows
  Sigmund (D:3)
  3 wraiths
  5 wyverns
  7 fire bats (Abyss:1)
  50 yaks
  A vampire (D:13)
  A fire bat (shapeshifter) (Elf:1)
  9 ynoxinuls
  7 basilisks
  A human (shapeshifter) (D:15)
  21 golden eyes
  2 fire elementals
  53 redbacks
  7 neqoxecs
  7 wargs
  9 vampire mosquitoes
  A naga (Abyss:2)
  3 chaos spawn (Abyss:2)
  A naga (shapeshifter) (D:15)
  A swamp worm (shapeshifter) (Vaults:3)
  Duvessa (D:5)
  19 water moccasins
  9 hell hounds (Abyss:1)
  2 sky beasts
  5 black bears
  25 laughing skulls
  2 ice beasts
  An ettin simulacrum (Abyss:2)
  12 ogres
  49 orc warriors
  30 wolves
  14 centaurs
  A phantom (D:6)
  3 brain worms (Abyss:2)
  5 kobold brigands
  Blork the orc (D:5)
  6 weeping skulls
  13 bullfrogs
  4 earth elementals
  A scorpion (D:7)
  23 small abominations
  8 wights
  Dowan (D:5)
  11 killer bees (Spider:3)
  6 howler monkeys
  2 electric eels
  A crimson imp (D:5)
  A bombardier beetle (D:6)
  5 quasits
  3 hounds
  2 jellies (D:7)
  35 orc priests
  4 iron imps
  4 iguanas
  Ijyb (D:3)
  25 orc wizards
  7 hell rats (Lair:5)
  16 adders
  11 white imps
  9 ufetubi
  3 ribbon worms
  2 dart slugs (D:3)
  110 orcs
  8 ball pythons
  11 endoplasms
  4 giant cockroaches
  9 goblins
  10 hobgoblins
  9 jackals
  35 kobolds
  4 quokkas
  6 bats
  6 frilled lizards
  4 rats
  A spectral orc (D:3)
  5 lurking horrors
  7 starspawn tentacles
2489 creatures vanquished.

Vanquished Creatures (collateral kills)
  A sphinx (Depths:2)
  A kraken (Shoals:3)
  A storm dragon (Vaults:3)
  A fire giant (Depths:2)
  A daeva (Abyss:1)
  A stone giant (Vaults:3)
  A rakshasa (Abyss:1)
  A spriggan air mage (Depths:2)
  A merfolk avatar (Abyss:5)
  A thrashing horror (Abyss:1)
  A wretched star (Abyss:1)
  A moth of wrath (shapeshifter) (Vaults:3)
  2 slime creatures (D:12)
  2 blink frogs (Abyss:5)
16 creatures vanquished.

Vanquished Creatures (others)
  A tengu reaver (Vaults:2)
  A fire giant (Depths:4)
  A deep elf knight (Elf:1)
  A smoke demon (Abyss:3)
  A tarantella (Spider:1)
  A vampire (Abyss:1)
  A quasit (Abyss:2)
  An orc (Orc:1)
  2 lurking horrors
  39 starspawn tentacles
  21 tentacles
70 creatures vanquished.

Grand Total: 2575 creatures vanquished

Notes
Turn   | Place    | Note
-------+----------+-------------------------------------------
     0 | D:1      | Think the Octopode Fighter began the quest for the Orb.
     0 | D:1      | Reached XP level 1. HP: 16/16 MP: 1/1
    81 | D:1      | Reached XP level 2. HP: 17/21 MP: 2/2
   339 | D:1      | Reached XP level 3. HP: 26/26 MP: 3/3
   926 | D:2      | Reached XP level 4. HP: 15/31 MP: 4/4
  1168 | D:2      | Reached skill level 5 in Dodging
  1450 | D:2      | Reached XP level 5. HP: 20/36 MP: 5/5
  2114 | D:3      | Found a transporter.
  2229 | D:3      | Found a hazy altar of Hepliaklqana.
  2229 | D:3      | Noticed Ijyb
  2230 | D:3      | Noticed Sigmund
  2297 | D:3      | Found a snail-covered altar of Cheibriados.
  2394 | D:3      | Found a transporter.
  2396 | D:3      | Noticed kaikaun's ghost (amateur KoBr)
  2581 | D:4      | Noticed a black bear
  2643 | D:3      | Killed Ijyb
  2644 | D:3      | Reached XP level 6. HP: 37/42 MP: 4/6
  2696 | D:3      | Killed Sigmund
  2721 | D:4      | Killed a black bear
  2722 | D:4      | Reached XP level 7. HP: 33/46 MP: 4/7
  2810 | D:4      | Reached skill level 1 in Stealth
  2924 | D:4      | Found a white marble altar of Elyvilon.
  3582 | D:4      | Reached skill level 1 in Evocations
  3616 | D:5      | Entered Level 5 of the Dungeon
  3842 | D:5      | Found a burning altar of Makhleb.
  3843 | D:5      | Found a radiant altar of Vehumet.
  3989 | D:5      | Noticed Dowan
  4074 | D:5      | Noticed Duvessa
  4079 | D:5      | Reached XP level 8. HP: 52/52 MP: 8/8
  4083 | D:5      | Killed Duvessa
  4095 | D:5      | Killed Dowan
  4263 | D:5      | Found an iron altar of Okawaru.
  4578 | D:5      | Noticed Blork the orc
  4585 | D:5      | Killed Blork the orc
  4711 | D:5      | Found a runed translucent door.
  4714 | D:5      | Noticed kaikaun's ghost (novice KoBr)
  4829 | D:5      | Found a stormy altar of Qazlal.
  4830 | D:5      | Found a hide-covered altar of Uskayaw.
  5635 | D:6      | Reached skill level 5 in Long Blades
  5768 | D:6      | Reached XP level 9. HP: 52/58 MP: 9/9
  5843 | D:6      | Found a runed translucent gate.
  5843 | D:6      | Found a runed translucent gate.
  5845 | D:6      | Noticed a hornet
  5846 | D:6      | Found a runed translucent gate.
  5848 | D:6      | Noticed thelochok's ghost (novice TrFi)
  5850 | D:6      | Noticed a hornet
  6068 | D:6      | Found a blossoming altar of Fedhas.
  6335 | D:7      | Reached skill level 5 in Fighting
  6335 | D:7      | Reached skill level 5 in Shields
  6751 | D:7      | Found a staircase to the Ecumenical Temple.
  6983 | Temple   | Entered the Ecumenical Temple
  6991 | Temple   | Became a worshipper of Gozag Ym Sagoz the Greedy
  7133 | D:7      | Found an ancient bone altar of Kikubaaqudgha.
  7158 | D:7      | Found a broken altar of Ashenzari.
  7231 | D:7      | Found a shimmering blue altar of Sif Muna.
  7443 | D:8      | Noticed Maggie
  7463 | D:8      | Killed Maggie
  7464 | D:8      | Reached XP level 10. HP: 51/68 MP: 6/10
  7936 | D:8      | Noticed a two-headed ogre
  7948 | D:8      | Killed a two-headed ogre
  8237 | D:9      | Noticed a two-headed ogre
  8260 | D:9      | Killed a two-headed ogre
  8641 | D:8      | Reached skill level 10 in Dodging
  8680 | D:9      | Found a staircase to the Lair.
  8731 | D:9      | Found a bloodstained altar of Trog.
  9019 | D:9      | Reached XP level 11. HP: 75/75 MP: 11/11
  9333 | D:9      | Noticed a two-headed ogre
  9342 | D:9      | Killed a two-headed ogre
  9396 | D:9      | Found an ornate altar of the Wu Jian Council.
  9741 | D:10     | Entered Level 10 of the Dungeon
  9788 | D:10     | Noticed a cyclops
  9799 | D:10     | Killed a cyclops
 10183 | D:10     | Found a shimmering altar of Xom.
 10355 | D:10     | Identified the +9 scale mail of Uqeank {^Contam rPois Int+3
                  | Dex+5}
 10617 | D:11     | Noticed a manticore
 10625 | D:11     | Killed a manticore
 11039 | D:11     | Noticed a boulder beetle
 11073 | D:11     | Killed a boulder beetle
 11074 | D:11     | Reached skill level 10 in Long Blades
 11442 | D:11     | Noticed Maurice
 11453 | D:11     | Killed Maurice
 11993 | D:11     | Found a runed translucent gate.
 11993 | D:11     | Found a runed translucent gate.
 11993 | D:11     | Found a runed translucent gate.
 11993 | D:11     | Noticed Pepper's ghost (journeyman DsIE)
 11993 | D:11     | Noticed a centaur warrior
 12010 | D:11     | Killed a centaur warrior
 12791 | D:12     | Reached XP level 12. HP: 53/85 MP: 6/12
 12947 | D:12     | Noticed Psyche
 12951 | D:12     | Killed Psyche
 13123 | D:12     | Noticed a boulder beetle
 14075 | Lair:1   | Entered Level 1 of the Lair of Beasts
 14462 | D:12     | Killed a boulder beetle
 14463 | D:12     | Reached skill level 1 in Throwing
 14746 | D:12     | Found a staircase to the Orcish Mines.
 14794 | D:12     | Noticed a boulder beetle
 14809 | D:12     | Killed a boulder beetle
 14932 | D:12     | Noticed Frances
 15021 | D:12     | Noticed a boulder beetle
 15048 | D:12     | Killed a boulder beetle
 15481 | Orc:1    | Entered Level 1 of the Orcish Mines
 15652 | D:12     | Reached skill level 10 in Fighting
 15661 | Orc:1    | Noticed a soul eater
 15977 | Orc:2    | Entered Level 2 of the Orcish Mines
 16608 | Orc:2    | Noticed a two-headed ogre
 16619 | Orc:2    | Killed a two-headed ogre
 16620 | Orc:2    | Reached XP level 13. HP: 92/92 MP: 10/13
 16832 | Orc:2    | Found Lyniedeaf's Book Shop.
 16841 | Orc:2    | Found Birr's Armour Boutique.
 17679 | Orc:2    | Noticed an ettin
 17684 | Orc:2    | Identified a scroll of acquirement
 17684 | Orc:2    | Acquired a +2 kite shield of protection
 17714 | Orc:2    | Killed an ettin
 17907 | Orc:2    | Noticed an orc warlord
 18442 | Orc:2    | Paralysed by an orc sorcerer for 2 turns
 19874 | Orc:2    | Bought the Quarto of the Vexatious Vector for 300 gold
                  | pieces
 19877 | Orc:2    | Learned a level 2 spell: Lesser Beckoning
 20505 | Orc:2    | Reached skill level 1 in Translocations
 21361 | Orc:2    | Found a staircase to the Elven Halls.
 21567 | Orc:2    | Found Feeni's General Store.
 22447 | Lair:1   | Noticed Harold
 22463 | Lair:1   | Killed Harold
 22553 | Lair:1   | Reached XP level 14. HP: 101/101 MP: 12/14
 23358 | Lair:1   | Reached skill level 1 in Shapeshifting
 23755 | Lair:2   | Reached skill level 10 in Shields
 24023 | Lair:2   | Found a hole to the Spider Nest.
 24233 | Lair:2   | Found a staircase to the Shoals.
 25757 | Lair:3   | Found a white marble altar of Elyvilon.
 25845 | Lair:3   | You fall into a shaft and drop 2 floors!
 25845 | Lair:5   | Entered Level 5 of the Lair of Beasts
 26837 | Lair:4   | Found a runed translucent door.
 26838 | Lair:4   | Noticed IAmTheZeppo's ghost (journeyman DjCj)
 27104 | Lair:4   | Found a staircase to the Slime Pits.
 27104 | Lair:4   | Found a viscous altar of Jiyva.
 27180 | Lair:4   | Reached XP level 15. HP: 105/108 MP: 13/15
 27914 | Lair:5   | Reached skill level 5 in Translocations
 28455 | Lair:5   | Reached skill level 5 in Shapeshifting
 28980 | Lair:5   | Identified the ring of Stoicism {Wiz Will+ Int+6}
 29002 | Lair:5   | Learned a level 2 spell: Blink
 29465 | Orc:2    | Killed an orc warlord
 29581 | Orc:2    | Found Rurhao's General Store.
 29826 | Orc:2    | Learned a level 3 spell: Swiftness
 30123 | D:13     | Reached skill level 1 in Air Magic
 30517 | D:13     | Noticed Snorg
 30518 | D:13     | Found a gate to the Vaults.
 30528 | D:13     | Killed Snorg
 31549 | D:14     | Found Noguod's Jewellery Shop.
 31650 | D:14     | Bought a granite talisman for 900 gold pieces
 31660 | D:14     | Found Ogiut's Book Boutique.
 31681 | D:14     | Bought a book of Battle for 416 gold pieces
 31681 | D:14     | Bought a book of Spectacle for 768 gold pieces
 31686 | D:14     | Learned a level 4 spell: Manifold Assault
 32034 | D:14     | You fall into a shaft and drop 1 floor!
 32034 | D:15     | Entered Level 15 of the Dungeon
 32035 | D:15     | Found Duaddor's Book Emporium.
 32053 | D:15     | Reached XP level 16. HP: 108/117 MP: 12/16
 32562 | D:15     | Noticed Nessos
 32586 | D:15     | Killed Nessos
 32708 | D:15     | Reached skill level 15 in Dodging
 33820 | D:15     | Found a staircase to the Depths.
 34434 | Elf:1    | Entered Level 1 of the Elven Halls
 35176 | Slime:1  | Entered Level 1 of the Pits of Slime
 35700 | Elf:1    | Found a transporter.
 35701 | Elf:1    | Noticed Utumev's ghost (adept SpAl)
 35715 | Elf:1    | Found a transporter.
 35794 | Elf:1    | Found Bine's Magic Scroll Emporium.
 35798 | Elf:1    | Found a portal to a secret trove of treasure.
 35934 | Orc:2    | Bought a scroll of fear for 52 gold pieces
 36367 | Lair:4   | Killed IAmTheZeppo's ghost
 36616 | Elf:1    | You paid a toll of 7 scrolls of fear to enter a treasure
                  | trove
 36617 | Trove    | Entered a treasure trove
 37277 | Elf:2    | Reached skill level 10 in Shapeshifting
 37784 | Elf:2    | Reached XP level 17. HP: 121/124 MP: 17/17
 37834 | Elf:2    | Found a runed translucent gate.
 37835 | Elf:2    | Found a runed translucent gate.
 37835 | Elf:2    | Found a runed translucent gate.
 37981 | Elf:2    | Reached skill level 5 in Evocations
 38391 | Elf:3    | Entered Level 3 of the Elven Halls
 38436 | Elf:3    | Found Meuffer's Magic Scroll Shop.
 38442 | Elf:3    | Found Imics's Assorted Antiques.
 38443 | Elf:3    | Found Caggapuu's Distillery.
 39168 | Elf:3    | Identified the +2 leather armour "Huikhu" {rC+}
 40445 | Shoals:1 | Entered Level 1 of the Shoals
 41644 | Spider:1 | Entered Level 1 of the Spider Nest
 42139 | Lair:2   | Acquired a +2 demon blade of electrocution
 42380 | Spider:1 | Identified the +3 flail of Bym Nuzo {pain, ^Fragile rC+
                  | Stlth+}
 43602 | Spider:2 | Reached XP level 18. HP: 110/133 MP: 18/18
 43888 | Spider:3 | Identified the ring of Xapruorghy {EV+5 Str+3 Int+2 Stlth-}
 44238 | Spider:3 | Found a runed translucent gate.
 44238 | Spider:3 | Found a runed translucent gate.
 44246 | Spider:3 | Noticed realgeorgebush46's ghost (adept DsMo)
 44290 | Spider:3 | Reached skill level 15 in Fighting
 44313 | Spider:3 | Reached skill level 5 in Stealth
 44458 | Spider:3 | Found a runed translucent gate.
 44793 | Spider:3 | Acquired the ring "Nyfank" {rElec rCorr AC+4 Stlth+}
 44937 | Spider:3 | Identified the ring of Ryuq {rF+ Will++ Stlth+}
 45254 | Spider:4 | Entered Level 4 of the Spider Nest
 45959 | Spider:4 | Noticed Arachne
 45973 | Spider:4 | Killed Arachne
 46603 | Spider:4 | Got a gossamer rune of Zot
 47032 | Shoals:2 | Reached XP level 19. HP: 141/141 MP: 3/19
 48218 | Shoals:3 | Found a transporter.
 48382 | Shoals:3 | Found a transporter.
 48530 | Shoals:3 | Reached skill level 15 in Shapeshifting
 49217 | Shoals:4 | Entered Level 4 of the Shoals
 49369 | Shoals:4 | Noticed Bai Suzhen
 49404 | Shoals:3 | Killed Bai Suzhen
 50238 | Shoals:4 | Got a barnacled rune of Zot
 50471 | Shoals:4 | Learned a level 5 spell: Borgnjor's Vile Clutch
 50950 | Elf:3    | Identified the ring "Zeham" {rElec Will++ Dex-4 Slay+4}
 50955 | Elf:3    | Noticed a Hell Sentinel
 51075 | Elf:2    | Reached skill level 1 in Earth Magic
 51085 | Elf:2    | Reached skill level 1 in Spellcasting
 51284 | Elf:3    | Reached XP level 20. HP: 149/149 MP: 21/21
 51344 | Elf:3    | Identified the amulet "Yresuwna" {Spirit +Inv Int+6}
 51351 | Elf:3    | Noticed a Brimstone Fiend
 51354 | Elf:3    | Identified the +0 glaive of Big Damage {flame, Str+3 Int+3
                  | Stlth+}
 51354 | Elf:3    | Identified the amulet of Mauderoy {Faith +Blink rC- Will+++
                  | Str+3}
 51621 | Elf:3    | Identified the +8 glaive of the Hidden Vale {heavy, Will+
                  | Str+3 Dex+2}
 51621 | Elf:3    | Identified the ring "Xelyod" {+Blink Fly rElec rN+ Str-3}
 51759 | Elf:3    | Identified the +2 shortbow of Eternal Harmony {speed, rElec
                  | rPois}
 51780 | Elf:3    | Got the Discourse on Glowing Conflict
 51781 | Elf:3    | Identified the +0 helmet of Immorality {Int+6}
 51805 | Elf:3    | Got the Tome of Green Freezing
 52079 | Orc:2    | Bought a potion of might for 52 gold pieces
 52079 | Orc:2    | Bought a scroll of blinking for 97 gold pieces
 52079 | Orc:2    | Bought a potion of heal wounds for 65 gold pieces
 52273 | Depths:1 | Entered Level 1 of the Depths
 53205 | Depths:1 | Found a one-way gate to the infinite horrors of the Abyss.
 53296 | Depths:1 | Found a gateway to Hell.
 53296 | Depths:1 | Noticed a hellephant
 53296 | Depths:1 | Noticed a hellephant
 53303 | Depths:1 | Reached skill level 10 in Evocations
 53317 | Depths:1 | Killed a hellephant
 53323 | Depths:1 | Killed a hellephant
 53846 | Depths:2 | Found a one-way gate leading to the halls of Pandemonium.
 53929 | Depths:2 | Noticed a golden dragon
 53953 | Depths:2 | Killed a golden dragon
 54012 | Depths:2 | Found the +10 tower shield of Ignorance {rN+ Int-4}
 54021 | Depths:2 | Noticed a caustic shrike
 54025 | Depths:2 | Killed a caustic shrike
 54041 | Depths:2 | Noticed a golden dragon
 54042 | Depths:2 | Reached XP level 21. HP: 157/157 MP: 27/27
 54064 | Depths:2 | Reached skill level 5 in Earth Magic
 54257 | Depths:1 | Learned a level 4 spell: Flame Wave
 54342 | Depths:2 | Identified the +6 hand cannon of Contumacious True Grit
                  | {heavy, rElec rPois Int+3}
 54431 | Depths:2 | Killed a golden dragon
 54432 | Depths:2 | Reached skill level 1 in Fire Magic
 54655 | Depths:2 | Identified the +6 orcbow of the Enfolding Gods {antimagic,
                  | Will++ rCorr}
 55071 | Depths:2 | Got the Omnibus of Doomed Talus
 55077 | Depths:2 | Identified the +0 morningstar of the Rat {protect, rElec
                  | rCorr Stlth+}
 55080 | Depths:2 | Identified the +7 falchion "Goblinbane" {freeze, Will+
                  | Str+2 Dex+3}
 55082 | Depths:2 | Got the Parchment of Alluring Algor
 55412 | Depths:3 | Noticed a caustic shrike
 55440 | Depths:2 | Killed a caustic shrike
 55443 | Depths:2 | Reached skill level 5 in Fire Magic
 55497 | Depths:3 | Noticed a golden dragon
 55507 | Depths:3 | Noticed Mara
 55515 | Depths:3 | Noticed a golden dragon
 55516 | Depths:3 | Noticed a golden dragon
 55730 | Depths:3 | Noticed Think's illusion
 55773 | Depths:3 | Killed a golden dragon
 55933 | Depths:3 | Killed a golden dragon
 56029 | Depths:3 | Noticed a dread lich
 56050 | Depths:3 | Killed a dread lich
 56084 | Depths:3 | Reached XP level 22. HP: 167/167 MP: 28/28
 56101 | Depths:3 | Killed a golden dragon
 56915 | Depths:4 | Entered Level 4 of the Depths
 57087 | Depths:4 | Noticed Parghit
 57136 | Depths:4 | HP: 7/211 [yellow draconian annihilator/iron shot (55)]
 57142 | Depths:4 | Noticed Boris
 57173 | Depths:4 | Killed Boris
 57451 | Depths:4 | Found a one-way gateway to a ziggurat.
 57495 | Depths:4 | Killed Parghit
 57680 | Depths:4 | Found the +8 mithril axe "Arga" {speed, Will+}
 57684 | Depths:4 | Noticed Himmaryad's ghost (adept TrMo)
 57695 | Depths:4 | Noticed a dread lich
 57695 | Depths:4 | Noticed an ancient lich
 57696 | Depths:4 | Found a runed translucent gate.
 57696 | Depths:4 | Found a runed translucent gate.
 57696 | Depths:4 | Found a runed translucent gate.
 57696 | Depths:4 | Noticed a juggernaut
 57865 | Depths:4 | Got the Folio of the Assistive Sphinx
 58404 | Depths:4 | Found a gate to the Realm of Zot.
 58464 | Depths:4 | Noticed a golden dragon
 58471 | Depths:4 | Killed a golden dragon
 58710 | Depths:3 | Noticed Think's illusion
 58714 | Depths:3 | Killed Mara
 59128 | Vaults:1 | Entered Level 1 of the Vaults
 59362 | Vaults:1 | Reached XP level 23. HP: 176/176 MP: 29/29
 60023 | Vaults:1 | Reached skill level 10 in Fire Magic
 60690 | Vaults:2 | Noticed Sojobo
 60695 | Vaults:2 | Killed Sojobo
 61100 | Vaults:2 | Found Xainod's Magic Scroll Shoppe.
 61250 | Vaults:2 | Found a staircase to the Crypt.
 61250 | Vaults:2 | Found a basalt altar of Yredelemnul.
 61250 | Vaults:2 | Found an ancient bone altar of Kikubaaqudgha.
 62267 | Vaults:3 | Found a magical portal.
 62693 | Vaults:3 | Reached XP level 24. HP: 185/185 MP: 29/29
 62769 | Vaults:3 | Found a huge runed translucent gate.
 62770 | Vaults:3 | Found a huge runed translucent gate.
 62771 | Vaults:3 | Found a huge runed translucent gate.
 62771 | Vaults:3 | Found a huge runed translucent gate.
 62772 | Vaults:3 | Found a huge runed translucent gate.
 62773 | Vaults:3 | Found a huge runed translucent gate.
 62773 | Vaults:3 | Found a huge runed translucent gate.
 62773 | Vaults:3 | Found a huge runed translucent gate.
 62773 | Vaults:3 | Found a huge runed translucent gate.
 62774 | Vaults:3 | Found a huge runed translucent gate.
 62774 | Vaults:3 | Found a huge runed translucent gate.
 62774 | Vaults:3 | Found a huge runed translucent gate.
 62774 | Vaults:3 | Found a huge runed translucent gate.
 62774 | Vaults:3 | Found a huge runed translucent gate.
 62774 | Vaults:3 | Found a huge runed translucent gate.
 62774 | Vaults:3 | Found a huge runed translucent gate.
 62774 | Vaults:3 | Found a huge runed translucent gate.
 62774 | Vaults:3 | Found a huge runed translucent gate.
 62774 | Vaults:3 | Noticed an ancient lich
 62775 | Vaults:3 | Found a huge runed translucent gate.
 62775 | Vaults:3 | Found a huge runed translucent gate.
 62778 | Vaults:3 | Found a huge runed translucent gate.
 62778 | Vaults:3 | Found a huge runed translucent gate.
 62782 | Vaults:3 | Found a huge runed translucent gate.
 62783 | Vaults:3 | Found a huge runed translucent gate.
 62784 | Vaults:3 | Found a huge runed translucent gate.
 62784 | Vaults:3 | Found a huge runed translucent gate.
 62784 | Vaults:3 | Found a huge runed translucent gate.
 62784 | Vaults:3 | Found a huge runed translucent gate.
 62784 | Vaults:3 | Found a huge runed translucent gate.
 62784 | Vaults:3 | Found a huge runed translucent gate.
 62784 | Vaults:3 | Found a huge runed translucent gate.
 62839 | Vaults:3 | Killed an ancient lich
 62907 | Vaults:3 | Found a huge runed translucent gate.
 62908 | Vaults:3 | Found a huge runed translucent gate.
 62909 | Vaults:3 | Found a huge runed translucent gate.
 62909 | Vaults:3 | Found a huge runed translucent gate.
 62909 | Vaults:3 | Found a huge runed translucent gate.
 62944 | Vaults:3 | Learned a level 3 spell: Stone Arrow
 63497 | D:14     | Bought the ring "Jopuic" {Fire rN++ SInv Stlth+} for 742
                  | gold pieces
 63928 | Orc:2    | Bought a manual of Staves for 1200 gold pieces
 64184 | Vaults:4 | Reached skill level 1 in Staves
 64322 | Vaults:4 | Noticed Boris
 64338 | Vaults:4 | Killed Boris
 64669 | Vaults:4 | Acquired the +2 hat of the Bells {rPois rC+ Str+2}
 64681 | Vaults:4 | Acquired 385 gold pieces
 64682 | Vaults:4 | Acquired a ring of magical power
 65214 | Vaults:4 | Found a runed translucent door.
 65491 | Vaults:5 | Entered Level 5 of the Vaults
 65516 | Vaults:5 | Reached skill level 5 in Staves
 65558 | Vaults:5 | Got a silver rune of Zot
 65654 | Vaults:5 | Reached XP level 25. HP: 193/193 MP: 29/29
 66272 | Vaults:5 | Identified the staff of Ynugytso {rC+ rN+ rCorr MP+9 Necro
                  | Alchemy}
 66304 | Vaults:5 | Identified the staff of Resourcefulness {rC+ Earth}
 66679 | Vaults:5 | Noticed a dread lich
 66691 | Vaults:5 | Killed a dread lich
 67104 | Vaults:5 | Identified the +2 chain mail "Aguuh" {Fly rElec Str+8
                  | Dex-3}
 67902 | Slime:1  | Found a viscous altar of Jiyva.
 68340 | Slime:2  | Gained mutation: You are robust. (+10% HP) [a shining eye]
 68340 | Slime:2  | Lost mutation: You are robust. (+10% HP) [a shining eye]
 68341 | Slime:2  | Gained mutation: Your body sometimes deteriorates upon
                  | taking damage. [a shining eye]
 68343 | Slime:1  | Gained mutation: You have hidden genetic defects. [a
                  | shining eye]
 68344 | Slime:1  | Gained mutation: Your body often deteriorates upon taking
                  | damage. [a shining eye]
 68348 | Slime:1  | Lost mutation: Your body often deteriorates upon taking
                  | damage. [potion of mutation]
 68348 | Slime:1  | Lost mutation: Your body sometimes deteriorates upon taking
                  | damage. [potion of mutation]
 68348 | Slime:1  | Lost mutation: You have hidden genetic defects. [potion of
                  | mutation]
 68348 | Slime:1  | Gained mutation: You are clumsy. (Dex -2) [potion of
                  | mutation]
 68349 | Slime:1  | Lost mutation: You are clumsy. (Dex -2) [potion of
                  | mutation]
 68349 | Slime:1  | Gained mutation: Your muscles are strong. (Str +4, Int/Dex
                  | -1) [potion of mutation]
 68499 | Slime:2  | Found a viscous altar of Jiyva.
 69339 | Slime:5  | Entered Level 5 of the Pits of Slime
 69611 | Slime:5  | Gained mutation: You are vulnerable to heat. (rF-) [a
                  | shining eye]
 69745 | Slime:4  | Lost mutation: Your muscles are strong. (Str +4, Int/Dex
                  | -1) [potion of mutation]
 69745 | Slime:4  | Lost mutation: You are vulnerable to heat. (rF-) [potion of
                  | mutation]
 69745 | Slime:4  | Gained mutation: Your body sometimes deteriorates upon
                  | taking damage. [potion of mutation]
 69746 | Slime:4  | Lost mutation: Your body sometimes deteriorates upon taking
                  | damage. [potion of mutation]
 69746 | Slime:4  | Gained mutation: You expend magic power (3 MP) to
                  | strengthen your wands. [potion of mutation]
 69746 | Slime:4  | Gained mutation: Your muscles are strong. (Str +4, Int/Dex
                  | -1) [potion of mutation]
 69746 | Slime:4  | Gained mutation: One of your tentacles bears a spike.
                  | [potion of mutation]
 69845 | Slime:5  | Gained mutation: You occasionally lose the ability to read
                  | scrolls when taking damage. [a shining eye]
 69845 | Slime:5  | Gained mutation: You sometimes lose the ability to read
                  | scrolls when taking damage. [a shining eye]
 69846 | Slime:5  | Gained mutation: You are frail. (-10% HP) [a shining eye]
 69896 | Slime:5  | Reached XP level 26. HP: 182/182 MP: 29/29
 70234 | Elf:3    | Bought a potion of mutation for 304 gold pieces
 70234 | Elf:3    | Lost mutation: You sometimes lose the ability to read
                  | scrolls when taking damage. [potion of mutation]
 70234 | Elf:3    | Lost mutation: One of your tentacles bears a spike. [potion
                  | of mutation]
 70234 | Elf:3    | Gained mutation: You are occasionally teleported next to
                  | monsters. [potion of mutation]
 70234 | Elf:3    | Lost mutation: You occasionally lose the ability to read
                  | scrolls when taking damage. [potion of mutation]
 70234 | Elf:3    | Gained mutation: You possess an exceptional clarity of
                  | mind. [potion of mutation]
 70242 | Elf:3    | Bought a potion of mutation for 144 gold pieces
 70242 | Elf:3    | Lost mutation: You expend magic power (3 MP) to strengthen
                  | your wands. [potion of mutation]
 70242 | Elf:3    | Lost mutation: You are frail. (-10% HP) [potion of
                  | mutation]
 70242 | Elf:3    | Gained mutation: Your flesh is heat resistant. (rF+)
                  | [potion of mutation]
 70242 | Elf:3    | Lost mutation: Your flesh is heat resistant. (rF+) [potion
                  | of mutation]
 70242 | Elf:3    | Gained mutation: One of your tentacles bears a spike.
                  | [potion of mutation]
 70248 | Elf:3    | Bought a potion of mutation for 144 gold pieces
 70248 | Elf:3    | Lost mutation: You possess an exceptional clarity of mind.
                  | [potion of mutation]
 70248 | Elf:3    | Lost mutation: Your muscles are strong. (Str +4, Int/Dex
                  | -1) [potion of mutation]
 70248 | Elf:3    | Gained mutation: Your system is resistant to poisons.
                  | (rPois) [potion of mutation]
 70574 | Depths:1 | Voluntarily entered the Abyss.
 70638 | Abyss:1  | Reached skill level 10 in Staves
 70869 | Abyss:1  | Found a corrupted altar of Lugonu.
 70881 | Abyss:1  | Reached skill level 15 in Fire Magic
 70991 | Abyss:1  | Found a runed translucent door.
 71010 | Abyss:1  | Found a runed translucent door.
 71219 | Abyss:1  | Found a corrupted altar of Lugonu.
 71981 | Abyss:1  | Found a corrupted altar of Lugonu.
 72025 | Abyss:1  | Found a corrupted altar of Lugonu.
 72110 | Abyss:2  | Found a corrupted altar of Lugonu.
 72706 | Abyss:2  | Found a corrupted altar of Lugonu.
 72716 | Abyss:2  | Found a corrupted altar of Lugonu.
 72716 | Abyss:2  | Found a corrupted altar of Lugonu.
 73064 | Abyss:2  | Found a corrupted altar of Lugonu.
 73105 | Abyss:2  | Paralysed by accursed screaming for 1 turns
 73229 | Abyss:2  | Found a corrupted altar of Lugonu.
 73385 | Abyss:2  | Found a corrupted altar of Lugonu.
 73528 | Abyss:2  | Found a corrupted altar of Lugonu.
 73741 | Depths:1 | Escaped the Abyss
 74621 | Depths:1 | Voluntarily entered the Abyss.
 74636 | Abyss:2  | Found a corrupted altar of Lugonu.
 74667 | Abyss:2  | Found a corrupted altar of Lugonu.
 74715 | Abyss:2  | Found a corrupted altar of Lugonu.
 74737 | Abyss:2  | Got the Grimoire of Direction
 74816 | Abyss:2  | Got the Volume of Guile
 75293 | Abyss:3  | Reached XP level 27. HP: 91/211 MP: 9/29
 75320 | Abyss:3  | Paralysed by accursed screaming for 2 turns
 75333 | Abyss:3  | Paralysed by accursed screaming for 1 turns
 75352 | Abyss:5  | Found a corrupted altar of Lugonu.
 75397 | Abyss:5  | Found a corrupted altar of Lugonu.
 75412 | Abyss:5  | Paralysed by accursed screaming for 2 turns
 75414 | Abyss:5  | Killed from afar by a rakshasa

Illustrated notes

Levels and vault maps discovered:
D:1:      lemuel_arrival_funnel, layout_basic
D:2:      layout_loops_ring, serial_bayou_lagoon_a, serial_bayou_ford_a,
          minmay_joined_circles
D:3:      layout_basic, nicolae_hepliaklqana_monster_ancestors,
          lemuel_round_altar, gammafunk_ghost_mausoleum,
          nicolae_kite_square_tiling_tiny, uniq_ijyb, uniq_sigmund
D:4:      layout_layer_cave, mainiacjoe_overflow_24_doors
D:5:      layout_layer_cave, grunt_temple_overflow_lords_of_destruction,
          kennysheep_okawaru_gauntlet, jmf_multi_god_temple,
          ebering_ghost_inner_flame, nicolae_concentric_dashed_squares_mild,
          uniq_duvessa, uniq_blork_the_orc
D:6:      layout_loops_cross, fedhas_altar_decomposition, gammafunk_ghost_split
D:7:      layout_rooms, lemuel_tele_altar, kennysheep_orc_sif_temple,
          nicolae_ashenzari_skybound, minmay_temple_entry_glass,
          serial_corexii_hall, corexii_hall_statues_s,
          corexii_hall_statues_deadend, corexii_hall_statues_i,
          corexii_hall_statues_i, minmay_misc_feat_five
D:8:      layout_basic, uniq_maggie
D:9:      layout_basic, mainiacjoe_overflow_concentric_impassable,
          nzn_wu_jian_contemplation, david_lair_generic, serial_park_tiny_2
D:10:     layout_basic, mainiacjoe_overflow_alcove_1, minmay_misc_feat_pillars
D:11:     layout_basic, gammafunk_ghost_spectres, uniq_maurice
D:12:     layout_loops_ring, david_orc_3, uniq_psyche, uniq_frances
D:13:     layout_layer_cave, skrybe_vaults_entry_preservation, uniq_snorg
D:14:     layout_stronghold, hangedman_abyss_or_decor_slice, serial_shops, shop,
          shop_coins, grunt_ministairs_1
D:15:     gammafunk_enter_depths_forms, layout_irregular_city, serial_shops,
          nicolae_inconvenience_store, fountainhead, uniq_nessos
Temple:   nicolae_temple_little_seven
Lair:1:   layout_cave_pods, infiniplex_staircase_pool_2, grunt_megastairs_5,
          serial_bayou_shore_b, uniq_harold
Lair:2:   dragon1_lemuel, layout_chaotic_city,
          minmay_shoals_entry_lonely_mermaid, spider_nest_entry_rubble,
          grunt_megastairs_4
Lair:3:   layout_hall_layers, lemuel_oklob_altar
Lair:4:   layout_gridlike, slime_entry_1, hellmonk_ghost_happy_afterlife,
          grunt_forest_large_clearings, serial_bayou_shore_b
Lair:5:   grunt_lair_end_beastmaster, layout_gridlike
Shoals:1: layout_shoals
Shoals:2: layout_shoals, nicolae_shoals_land_atoll
Shoals:3: gammafunk_sealed_arena, layout_shoals
Shoals:4: shoals_end_grunt_ice, layout_shoals, uniq_bai_suzhen
Spider:1: layout_spider_delve, hangedman_spider_tarantella_strand
Spider:2: layout_spider_delve
Spider:3: layout_cave_pods, gammafunk_ghost_split, nicolae_looking_at_the_future
Spider:4: hellmonk_spider_rune_endless_swarm, nicolae_spider_webs_and_nodes,
          uniq_arachne
Slime:1:  layout_caves, basic_altar, nicolae_slime_phagocytosis
Slime:2:  layout_caves, basic_altar, cheibrodos_slime_lost_civilization_4
Slime:3:  layout_caves, cheibrodos_slime_lost_civilization_7, uniq_dissolution
Slime:4:  layout_caves, nicolae_slime_round_cave
Slime:5:  slime_pit_nicolae_royal_road_to_ruin
Orc:1:    layout_caves, nicolae_orc_takin'_care_of_business
Orc:2:    pubby_orc_utopia
Elf:1:    layout_geoelf_grid, gammafunk_ghost_berserking_beasts, serial_shops,
          shop, nicolae_trove_entry_free_sample, minivault_28,
          kilobyte_rumbling_trees
Elf:2:    nicolae_elf_blades_crystal_corner, layout_geoelf_grid
Elf:3:    minmay_elf_hall_curves, layout_geoelf_octagon, minmay_shop_star
Vaults:1: nicolae_vaults_tetromino_T_2, vaults_room_corners,
          nicolae_vaults_enemy_cabinets, nicolae_vaults_triangles,
          nicolae_vaults_what_the_h, nicolae_vaults_prndl,
          vaults_dpeg_encased_lava, vaults_dpeg_diagonal, vaults_room_hallway,
          v_misc_16, nicolae_vaults_stepped_doors, layout_vaults_omnicross
Vaults:2: minmay_crypt_entry_necro_gods, nicolae_vaults_rhombus_6,
          nicolae_vaults_big_ls, v_pattern_3, nicolae_vaults_weapon_check,
          nicolae_vaults_closet_pinwheel_2, nicolae_vaults_tetromino_T_1,
          nicolae_vaults_storage_room_statues, nicolae_vaults_tangram_2,
          vaults_dpeg_hooks, vaults_mumra_minichess, vaults_room_fancy_cross,
          layout_vaults_omnigrid, serial_shops, shop, uniq_sojobo
Vaults:3: lightli_enter_wizlab_magi_temple, nicolae_vaults_tetromino_T_2,
          nicolae_vaults_storage_closets_2, door_vault, vaults_room_corners,
          v_misc_23, nicolae_vaults_cochlea, vaults_mumra_chevron_long,
          vaults_room_hallway, v_misc_9, hangedman_vaults_unwind, v_misc_26,
          vaults_room_fours, nicolae_vaults_little_squares_6, vaults_room_pools,
          layout_vaults_omnibox
Vaults:4: nicolae_vaults_closet_pinwheel_3, vaults_dpeg_ring, v_pattern_5,
          vaults_mumra_minichess_inversion, v_misc_24,
          hangedman_vaults_capsules, nicolae_vaults_sightless_eye,
          nicolae_vaults_alarming, nicolae_vaults_double_plus_3,
          nicolae_vaults_oozy_zoo, nicolae_vaults_tetromino_T_1,
          layout_vaults_ring
Vaults:5
Depths:1: layout_small_grid, grunt_hell_horde, abyss_entry,
          roderic_serpentine_path, kennysheep_boxes, grunt_megastairs_2
Depths:2: hangedman_pleasuredromes, pan_entry, hell_entry
Depths:3: nicolae_fronds_of_death, layout_cave_pools,
          chequers_serial_rivers_micro_e, hellmouth_1,
          nicolae_abyss_entry_one_way_or_another,
          serial_sigils_hangedman_quiver, hex_tiny,
          chequers_serial_rivers_room_a, grunt_decor_junction,
          minmay_misc_feat_chi, minmay_staircase_windowed_small, uniq_mara
Depths:4: evilmike_zot_entry_hall, layout_gridlike, enter_ziggurat_e,
          pf_vacation_house_of_asmodeus, gammafunk_ghost_split,
          minmay_multi_spiral, uniq_parghit, uniq_boris
Abyss:5:  base: Crypt:3, evilmike_abyss_exit_3, minivault_19, minivault_28,
          evilmike_abyss_rune_siren_acolytes,
          evilmike_abyss_rune_siren_acolytes, evilmike_abyss_exit_glass,
          hangedman_abyss_river_spirits

Skill      XL: |  1  2  3  4  5  6  7  8  9 10 11 12 13 14 15 16 17 18 19 20 21 22 23 24 25 26 |
---------------+-------------------------------------------------------------------------------+-----
Dodging        | 4 5 6 7 8 9 10 11 12 13 14 15 16 17 18 19 20 21 22 23 | 23.9
Stealth        | 3 4 6 |  6.0
Evocations     | 1 2 4 8 9 10 11 | 11.0
Long Blades    | 5 7 9 10 11 12 14 | 14.0
Fighting       | 4 5 7 9 10 11 12 13 14 15 16 17 18 19 20 21 22 23 | 23.1
Shields        | 4 5 7 8 9 10 11 12 | 12.0
Throwing       | 3 4 |  4.0
Translocations | 2 4 6 |  6.0
Shapeshifting  | 4 6 10 12 14 15 16 17 18 19 | 19.8
Air Magic      | 3 |  3.0
Earth Magic    | 1 4 5 |  5.0
Spellcasting   | 1 4 |  4.0
Fire Magic     | 6 9 11 13 14 16 | 16.7
Staves         | 6 9 12 | 12.0

Action                     |  1- 3 |  4- 6 |  7- 9 | 10-12 | 13-15 | 16-18 | 19-21 | 22-24 | 25-27 || total
---------------------------+-------+-------+-------+-------+-------+-------+-------+-------+-------++-------
  Melee: Long sword        |    59 |    95 |   206 |     8 |       |       |       |       |       ||   368
         Constrict         |    14 |    25 |    51 |    73 |   216 |   243 |   175 |   107 |   125 ||  1029
         Tentacles         |    12 |    18 |    50 |   166 |   384 |   407 |   329 |   334 |   428 ||  2128
         Punch             |     1 |       |     4 |    15 |    23 |    25 |    15 |    19 |    22 ||   124
         Falchion          |       |       |       |   514 |       |       |       |       |       ||   514
         Scimitar          |       |       |       |    46 |  1206 |   641 |     3 |       |       ||  1896
         Demon blade       |       |       |       |       |       |   668 |   436 |       |       ||  1104
         Double sword      |       |       |       |       |       |       |   637 |  1119 |  1438 ||  3194
         Kick              |       |       |       |       |       |       |       |       |   500 ||   500
         Staff             |       |       |       |       |       |       |       |       |   117 ||   117
  Throw: Throwing net      |       |       |     2 |       |     3 |       |       |       |       ||     5
         Stone             |       |       |     2 |    43 |    68 |    45 |    49 |    12 |       ||   219
         Dart              |       |       |       |       |     9 |       |       |       |       ||     9
         Javelin           |       |       |       |       |     6 |       |       |       |       ||     6
   Cast: Manifold Assault  |       |       |       |       |     6 |    86 |    40 |    66 |   147 ||   345
         Lesser Beckoning  |       |       |       |       |       |    41 |    28 |     8 |    25 ||   102
         Swiftness         |       |       |       |       |       |     2 |       |       |       ||     2
         Blink             |       |       |       |       |       |     3 |       |       |       ||     3
         Borgnjor's Vile C |       |       |       |       |       |       |       |     1 |       ||     1
         Flame Wave        |       |       |       |       |       |       |       |       |     8 ||     8
         Stone Arrow       |       |       |       |       |       |       |       |       |     3 ||     3
 Invoke: Call Merchant     |       |       |       |     1 |       |       |       |       |     6 ||     7
         Potion Petition   |       |       |       |       |     7 |     5 |     2 |     8 |    10 ||    32
Ability: Evoke Blink       |       |       |       |       |       |       |       |     1 |     2 ||     3
  Evoke: Wand              |       |       |     3 |    21 |    12 |    10 |     6 |     1 |     8 ||    61
         Lightning rod     |       |       |       |       |       |       |     2 |     1 |     5 ||     8
         Phantom mirror    |       |       |       |       |       |       |     1 |     1 |     2 ||     4
         Box of beasts     |       |       |       |       |       |       |       |     1 |     1 ||     2
         Condenser vane    |       |       |       |       |       |       |       |       |     1 ||     1
    Use: Scroll            |       |     1 |    11 |    11 |    13 |    16 |     8 |    13 |     5 ||    78
         Potion            |       |     1 |     3 |     9 |     4 |     6 |     4 |     7 |     7 ||    41
   Stab: Sleeping          |     6 |     9 |    14 |     4 |    11 |    23 |    16 |    19 |     8 ||   110
         Distracted        |       |       |     1 |     6 |    14 |    16 |     7 |    17 |    34 ||    95
         Paralysed         |       |       |       |    17 |       |     2 |     2 |       |       ||    21
         Invisible         |       |       |       |     2 |       |     2 |       |       |     5 ||     9
         Held in net/web   |       |       |       |       |     2 |       |       |       |       ||     2
 Armour: Skin              |    20 |    31 |    74 |   149 |   249 |   349 |   485 |   500 |   451 ||  2308
  Dodge: Dodged            |    37 |    48 |   151 |   364 |   634 |   979 |  1344 |  1574 |  1470 ||  6601
  Block: Buckler           |    13 |    14 |    63 |   190 |    34 |       |   124 |   636 |   521 ||  1595
         Kite shield       |       |       |       |       |   833 |  1157 |   985 |       |   142 ||  3117
   Form: Statue            |       |       |       |       |       |     1 |       |       |     1 ||     2
         Death             |       |       |       |       |       |       |       |       |     2 ||     2
